Map: Efflorescence LE

Players

SpicyTofu

  • Race: Protoss Protoss
  • Spawn Location: 9:00

Bivoj

  • Race: Protoss Protoss
  • Spawn Location: 6:00

Massa - Winner!

  • Race: Terran Terran
  • League: Platinum
  • Spawn Location: 3:00

qqq - Winner!

  • Race: Protoss Protoss
  • Spawn Location: 12:00

VOD

Have the link to the VOD?

Description

Time

  • Played on: Oct. 4, 2020, 11:19 a.m.
  • Length: 10:30
Show
View Real Time Build Order
Export as new Build Order

SpicyTofu Protoss 

Build Orders: 1 Gate Expand, Double Forge, Colossus Rush 

Get SALT Encoding   

  12  0:00  Probe  
  13  0:13  Probe  
  14  0:20  Pylon  
  14  0:26  Probe  
  15  0:38  Gateway  
  15  0:44  Probe (Chrono Boost)  
  16  0:50  Assimilator  
  16  0:53  Probe (Chrono Boost)  
  17  0:58  Probe (Chrono Boost)  
  18  1:10  Probe  
  19  1:28  Nexus  
  19  1:37  Cybernetics Core  
  19  1:43  Probe (Chrono Boost)  
  19  1:44  Assimilator  
  21  1:54  Probe (Chrono Boost)  
  21  1:59  Probe (Chrono Boost)  
  22  2:03  Pylon  
  22  2:09  Probe  
  22  2:13  Warp Gate  
  23  2:21  Probe  
  23  2:22  Stalker  
  26  2:32  Gateway  
  26  2:41  Probe  
  26  2:42  Probe  
  28  2:54  Probe, Stalker  
  28  2:55  Probe  
  32  3:06  Probe, Shield Battery  
  32  3:07  Probe  
  34  3:13  Robotics Facility  
  34  3:19  Probe x2 (Chrono Boost)  
  36  3:26  Stalker  
  38  3:29  Probe x2 (Chrono Boost)  
  38  3:32  Stalker  
  38  3:33  Probe (Chrono Boost)  
  43  3:42  Probe  
  43  3:44  Probe  
  45  3:53  Pylon  
  45  3:54  Probe  
  46  3:57  Pylon  
  46  4:11  Probe x2  
  46  4:13  Stalker  
  46  4:14  Sentry  
  46  4:16  Observer  
  53  4:23  Probe  
  54  4:24  Robotics Bay  
  54  4:26  Probe  
  55  4:32  Gateway  
  55  4:35  Probe  
  56  4:38  Probe  
  56  4:39  Pylon  
  56  4:42  Forge  
  56  4:45  Forge  
  57  4:47  Probe  
  57  4:48  Immortal  
  62  4:53  Pylon  
  62  4:56  Assimilator  
  62  4:57  Probe  
  62  4:58  Assimilator  
  62  4:59  Probe  
  64  5:14  Nexus  
  64  5:25  Protoss Ground Armor Level 1 (Chrono Boost)  
  64  5:33  Probe x2, Extended Thermal Lance (Chrono Boost)  
  64  5:34  Colossus  
  72  5:45  Probe  
  73  5:54  Twilight Council  
  72  6:09  Robotics Facility  
  72  6:10  Gateway  
  72  6:12  Protoss Ground Weapons Level 1 (Chrono Boost), Pylon  
  72  6:14  Pylon, Stalker x3  
  72  6:16  Pylon  
  78  6:24  Probe, Gateway  
  78  6:28  Probe, Pylon  
  80  6:37  Colossus (Chrono Boost)  
  80  6:38  Pylon  
  86  6:48  Probe x3  
  86  6:53  Assimilator  
  89  7:00  Probe x3  
  98  7:08  Stalker  
  98  7:09  Stalker  
  98  7:10  Colossus (Chrono Boost)  
  98  7:12  Probe x2  
  98  7:13  Probe  
  105  7:18  Charge (Chrono Boost)  
  103  7:24  Probe x2  
  103  7:25  Probe  
  103  7:28  Stalker x2  
  103  7:29  Zealot  
  112  7:32  Zealot x2  
  116  7:44  Colossus (Chrono Boost)  
  116  7:49  Photon Cannon  
  122  7:52  Photon Cannon  
  122  7:53  Photon Cannon  
  122  7:55  Probe  
  122  7:56  Probe  
  124  8:00  Warp Prism (Chrono Boost), Shield Battery  
  114  8:30  Warp Prism  
  114  8:33  Stalker  
  114  8:34  Stalker x4  
  70  9:00  Zealot x5  
  80  9:09  Colossus x2  
  86  9:11  Gateway  
  86  9:13  Gateway  
  86  9:16  Gateway  
  82  9:17  Pylon  
  82  9:19  Gateway, Pylon  
  78  9:27  Stalker x5  
  71  9:45  Probe  
Show
View Real Time Build Order
Export as new Build Order

Bivoj Protoss 

Build Orders:  

Get SALT Encoding   

  12  0:00  Probe  
  13  0:12  Probe  
  14  0:20  Pylon  
  14  0:24  Probe  
  15  0:38  Probe  
  15  0:41  Gateway  
  16  0:48  Assimilator  
  16  0:50  Probe (Chrono Boost)  
  17  1:02  Probe (Chrono Boost)  
  18  1:09  Probe (Chrono Boost), Pylon  
  19  1:16  Probe  
  20  1:28  Probe  
  20  1:29  Cybernetics Core  
  21  1:40  Probe  
  22  1:55  Nexus  
  22  2:01  Assimilator  
  22  2:06  Warp Gate  
  22  2:08  Probe  
  23  2:14  Stalker  
  25  2:20  Probe  
  26  2:32  Probe  
  26  2:35  Gateway  
  27  2:53  Probe  
  28  3:01  Stalker  
  30  3:06  Probe  
  30  3:10  Pylon  
  31  3:14  Robotics Facility  
  31  3:24  Pylon  
  31  3:26  Probe (Chrono Boost)  
  33  3:27  Probe (Chrono Boost)  
  33  3:36  Probe x2 (Chrono Boost)  
  33  3:41  Probe x2 (Chrono Boost)  
  35  3:43  Forge  
  37  3:55  Probe x2  
  39  3:57  Assimilator  
  39  4:00  Assimilator  
  39  4:07  Probe x2  
  41  4:10  Stalker x2  
  45  4:18  Protoss Ground Weapons Level 1  
  45  4:19  Probe x2  
  47  4:26  Immortal  
  52  4:31  Probe  
  52  4:40  Pylon  
  52  4:44  Pylon  
  52  4:45  Stalker  
  54  4:46  Stalker  
  56  4:57  Probe x2  
  58  5:09  Probe x2  
  58  5:19  Photon Cannon  
  58  5:21  Probe x2  
  58  5:27  Photon Cannon  
  60  5:32  Stalker  
  60  5:33  Stalker  
  64  5:52  Probe  
  65  5:59  Twilight Council  
  65  6:02  Nexus  
  66  6:04  Probe  
  66  6:07  Stalker x2  
  68  6:24  Stargate  
  68  6:26  Probe x2  
  68  6:27  Protoss Ground Armor Level 1  
  68  6:29  Stargate  
  68  6:30  Pylon  
  70  6:33  Pylon  
  70  6:43  Stalker x2  
  74  7:05  Photon Cannon  
  74  7:07  Probe x2  
  76  7:08  Photon Cannon  
  76  7:19  Probe x2  
  78  7:24  Fleet Beacon  
  78  7:25  Charge  
  78  7:30  Stalker  
  78  7:31  Probe x2, Stalker  
  82  7:49  Photon Cannon  
  82  7:50  Probe x3  
  85  8:02  Probe x3  
  85  8:04  Warp Prism  
  90  8:07  Carrier x2 (Chrono Boost)  
  102  8:14  Probe  
  97  8:48  Assimilator  
  97  8:50  Assimilator  
  97  9:01  Carrier x2 (Chrono Boost), Zealot x2  
  93  9:22  Stalker x2  
  70  9:52  Stalker  
Show
View Real Time Build Order
Export as new Build Order

Massa Terran - Winner!

Build Orders: Gas First Reaper Expand 

Get SALT Encoding   

  12  0:00  SCV  
  13  0:12  SCV  
  14  0:21  Supply Depot  
  14  0:24  SCV  
  15  0:31  Refinery  
  15  0:43  SCV  
  15  0:45  Barracks  
  16  0:55  SCV  
  17  1:07  SCV  
  18  1:19  SCV  
  19  1:32  Reaper  
  21  1:34  Orbital Command  
  20  1:47  Command Center  
  20  2:04  Marine  
  20  2:05  SCV  
  22  2:09  Factory  
  22  2:17  SCV  
  23  2:27  Supply Depot  
  23  2:30  Barracks Reactor  
  23  2:48  SCV  
  24  3:00  SCV  
  24  3:03  Starport, Orbital Command  
  26  3:12  SCV  
  26  3:16  Hellion x2  
  30  3:24  SCV  
  31  3:30  SCV  
  32  3:37  SCV, Hellion x2  
  37  3:50  Medivac  
  39  3:56  Command Center  
  39  3:58  Widow Mine  
  39  3:59  Widow Mine  
  39  4:00  Refinery  
  43  4:06  SCV x2  
  43  4:07  Barracks x2  
  45  4:21  Barracks Tech Lab  
  45  4:48  Supply Depot  
  45  4:49  Supply Depot  
  45  4:52  Supply Depot  
  45  4:56  Engineering Bay  
  45  4:58  Supply Depot  
  45  5:01  Supply Depot  
  45  5:02  Barracks Reactor, Barracks Tech Lab  
  45  5:08  Widow Mine x2, Marauder  
  51  5:22  Concussive Shells  
  51  5:24  Marine  
  51  5:27  SCV  
  51  5:28  SCV  
  55  5:30  Widow Mine x2, Orbital Command, Marauder  
  60  5:37  Missile Turret  
  60  5:40  SCV x2, Missile Turret  
  60  5:42  Marine  
  63  5:43  Medivac  
  65  5:52  SCV  
  66  5:58  Refinery  
  66  5:59  SCV x2  
  66  6:00  Refinery  
  66  6:02  Marine x2  
  66  6:04  SCV  
  71  6:11  SCV, Armory  
  69  6:20  Marine x2  
  69  6:23  Stimpack  
  69  6:25  Marine  
  72  6:26  Marine  
  73  6:37  Marine x2  
  75  6:42  Marine  
  75  6:44  Marine  
  77  6:55  Marine x2  
  77  7:01  Marauder  
  79  7:02  Marauder  
  79  7:05  Hellion x2  
  85  7:10  Medivac  
  85  7:13  Marine x2  
  89  7:22  Marauder  
  91  7:24  Marauder  
  91  7:27  Hellion x2  
  97  7:31  Marine x2  
  97  7:40  Medivac  
  97  7:43  Combat Shield  
  97  7:44  Marauder  
  101  7:51  Missile Turret  
  101  7:55  Engineering Bay  
  101  7:59  Supply Depot x2  
  101  8:00  Supply Depot x2  
  101  8:20  Marine x2  
  101  8:21  Widow Mine x2, Marauder x2  
  101  8:22  Supply Depot  
  101  8:24  Supply Depot  
  101  8:25  Supply Depot  
  107  8:38  Marine  
  108  8:42  Marauder  
  108  8:43  Marauder  
  108  8:47  Marine  
  102  8:56  Marine  
  102  9:04  Marauder x2  
  102  9:05  Marine  
  101  9:14  Marine  
  98  9:23  Marine  
  99  9:25  Marauder x2  
  103  9:32  Marine  
  104  9:41  Marine  
  105  9:46  Marauder  
  105  9:47  Marauder  
  105  9:49  Marine  
  110  9:53  Orbital Command  
  110  9:55  Barracks x2  
  110  9:56  Barracks  
  110  9:57  SCV  
  110  9:58  SCV  
  110  9:59  Marine  
  113  10:07  Marine x2  
  113  10:08  Marauder  
  113  10:09  SCV  
  113  10:10  SCV  
  113  10:13  Command Center  
Show
View Real Time Build Order
Export as new Build Order

qqq Protoss - Winner!

Build Orders: 1 Gate Expand, Carriers 

Get SALT Encoding   

  12  0:00  Probe  
  13  0:18  Pylon  
  13  0:20  Probe  
  14  0:32  Probe  
  15  0:37  Gateway  
  15  0:44  Probe  
  16  0:55  Pylon  
  16  0:56  Probe  
  17  1:08  Probe  
  18  1:20  Probe  
  19  1:32  Nexus  
  19  1:37  Probe  
  20  1:42  Cybernetics Core  
  20  1:47  Assimilator  
  20  1:55  Assimilator  
  20  1:56  Probe  
  21  2:09  Probe  
  22  2:21  Probe  
  23  2:28  Stalker (Chrono Boost)  
  25  2:33  Probe  
  26  2:45  Probe  
  29  2:52  Probe  
  29  2:53  Stalker (Chrono Boost)  
  29  2:57  Probe  
  31  3:04  Probe  
  32  3:09  Probe  
  33  3:16  Probe (Chrono Boost), Stargate  
  34  3:25  Probe (Chrono Boost), Assimilator  
  35  3:28  Probe (Chrono Boost)  
  35  3:29  Assimilator  
  37  3:35  Probe (Chrono Boost)  
  37  3:36  Probe (Chrono Boost)  
  38  3:42  Probe  
  38  3:45  Probe, Stargate  
  40  3:55  Probe  
  41  3:57  Probe, Pylon  
  41  4:01  Phoenix, Forge  
  44  4:07  Probe  
  46  4:10  Probe  
  46  4:19  Probe  
  46  4:22  Probe  
  48  4:26  Phoenix  
  48  4:31  Probe  
  51  4:34  Phoenix  
  51  4:37  Nexus  
  53  4:39  Pylon  
  53  4:42  Pylon  
  53  4:43  Probe  
  54  4:48  Pylon  
  54  4:52  Pylon  
  54  4:57  Phoenix  
  54  4:58  Probe  
  57  5:06  Pylon  
  57  5:12  Protoss Air Weapons Level 1  
  57  5:20  Phoenix, Fleet Beacon  
  59  5:22  Pylon  
  59  5:28  Photon Cannon  
  59  5:29  Phoenix  
  61  5:45  Phoenix  
  63  6:02  Phoenix  
  63  6:04  Probe  
  66  6:10  Carrier  
  72  6:16  Probe  
  73  6:24  Photon Cannon  
  73  6:28  Probe (Chrono Boost), Photon Cannon  
  74  6:35  Nexus  
  74  6:36  Carrier  
  74  6:39  Probe (Chrono Boost)  
  81  6:44  Probe (Chrono Boost)  
  82  6:54  Probe  
  81  7:06  Probe  
  82  7:14  Carrier  
  88  7:18  Probe  
  88  7:19  Anion Pulse-Crystals  
  89  7:30  Probe  
  89  7:37  Assimilator  
  90  7:40  Carrier, Assimilator  
  90  7:43  Probe  
  97  7:47  Pylon  
  97  7:48  Pylon  
  97  7:51  Pylon  
  97  7:55  Probe (Chrono Boost), Protoss Air Armor Level 1  
  98  8:07  Probe (Chrono Boost)  
  99  8:14  Probe (Chrono Boost)  
  99  8:18  Carrier  
  106  8:21  Probe  
  105  8:33  Probe  
  106  8:44  Probe, Carrier  
  106  8:45  Probe  
  114  8:56  Probe  
  114  8:57  Probe  
  116  9:08  Probe  
  116  9:09  Probe  
  108  9:20  Probe  
  108  9:21  Probe  
  108  9:22  Carrier  
  114  9:33  Probe  
  114  9:34  Probe  
  116  9:45  Probe  
  117  9:46  Probe  
  124  9:57  Probe  
  124  9:58  Probe  
  126  10:02  Assimilator  
  126  10:06  Assimilator  
  126  10:09  Probe  
Tags
 
Add a new tag
Caveats
  • Supply blocks, unpowered buildings, or Contaminate may cause inaccurate times.
  • Supply counts are checked every 10 seconds.